 Dungeon Crawl Stone Soup version 0.28-a0-819-g6ef7baa362 (webtiles) character file.

Game seed: 5863979689883843123

5 Essalna the Firebug (level 1, 0/13 HPs)
             Began as a Demonspawn Fire Elementalist on Nov 8, 2021.
             Slain by a jackal (2 damage)
             ... on level 1 of the Dungeon.
             The game lasted 00:00:42 (451 turns).

Essalna the Firebug (Demonspawn Fire Elementalist)   Turns: 451, Time: 00:00:43

Health: 0/13       AC:  2    Str:  8    XL:     1   Next: 66%
Magic:  3/3        EV: 12    Int: 16    God:
Gold:   13         SH:  0    Dex: 13    Spells: 3/4 levels left

rFire   . . .      SeeInvis .   b - +0 short sword (speed)
rCold   . . .      Faith    .   (no shield)
rNeg    . . .      Spirit   .   a - +0 robe
rPois   .          Reflect  .   (no helmet)
rElec   .          Harm     .   (no cloak)
rCorr   .          Rampage  .   (no gloves)
Will    .....                   (no boots)
Stlth   ++........              (no amulet)
HPRegen 0.04/turn               (no ring)
MPRegen 0.08/turn               (no ring)

@: no status effects
A: no striking features
a: no special abilities


You were on level 1 of the Dungeon.
You visited 1 branch of the dungeon, and saw 1 of its levels.

You collected 13 gold pieces.

Inventory:

Hand Weapons
 b - a +0 short sword of speed (weapon)
Armour
 a - a +0 robe (worn)
Scrolls
 d - 2 scrolls of identify {unknown}
Potions
 c - a potion of might {unknown}
 e - a potion of flight {unknown}


   Skills:
 - Level 1.7 Dodging
 - Level 1.7 Stealth
 + Level 2.1 Spellcasting
 + Level 1.2 Conjurations
 + Level 2.8 Fire Magic


You had 3 spell levels left.
You knew the following spells:

 Your Spells              Type           Power      Damage    Failure   Level
a - Foxfire               Conj/Fire      32%        2x1d5     9%          1

Your spell library contained the following spells:

 Spells                   Type           Power      Damage    Failure   Level
 Scorch                   Fire           20%        2d6       10%         2
 Conjure Flame            Conj/Fire      8%         6-21      26%         3
 Inner Flame              Hex/Fire       6%         N/A       34%         3
 Flame Wave               Conj/Fire      8%         3d4       65%         4


Dungeon Overview and Level Annotations

Branches:
Dungeon (1/15)

Altars:


Message History

You are too injured to fight recklessly!
You closely miss the hobgoblin.
The hobgoblin is moderately wounded.
You hit the hobgoblin.
You kill the hobgoblin!
You see here a hobgoblin corpse.
A jackal comes into view.
A jackal is nearby!
A jackal comes into view.
The jackal barks! x2 2 jackals come into view.
The jackal barks! x2
You conjure some foxfire!
The foxfire hits the jackal.
The jackal is severely wounded.
You closely miss the jackal.
The jackal is severely wounded.
The foxfire hits the jackal.
You kill the jackal!
You barely miss the jackal. You closely miss the jackal.
The jackal closely misses you.
You hit the jackal but do no damage. The jackal bites you.
The jackal bites you but does no damage.
The jackal barely misses you. The jackal misses you. The jackal bites you.
You barely miss the jackal.
The jackal bites you but does no damage.
You hit the jackal but do no damage. The jackal bites you.
You closely miss the jackal. The jackal bites you.
You closely miss the jackal.
The jackal bites you but does no damage.
You closely miss the jackal. The jackal misses you. The jackal misses you.
You barely miss the jackal. The jackal barely misses you.
You barely miss the jackal. The jackal completely misses you.
You hit the jackal but do no damage. The jackal bites you.
* * * LOW HITPOINT WARNING * * *
You hit the jackal.
The jackal is lightly wounded.
The jackal bites you.
You die...

[... ###.#
≈≈≈≈ #.# ####≈
#.# 8..#≈. #.#
...#≈.. #.#
...#≈... #.#
...#≈.... #.#
8.8#
#...########.#
#'#
#...hhh@..#
#.#
##.########
8.### #+#
#.#≈# '.8♣
#.#≈# 8.###
#.# #'#


You could see 3 jackals.

Vanquished Creatures
  A bat zombie (D:1)
  A hobgoblin (D:1)
  A jackal (D:1)
  A ball python zombie (D:1)
  A goblin (D:1)
5 creatures vanquished.

Vanquished Creatures (others)
  3 foxfires (D:1)
3 creatures vanquished.

Grand Total: 8 creatures vanquished

Notes
Turn   | Place    | Note
-------+----------+-------------------------------------------
     0 | D:1      | Essalna the Demonspawn Fire Elementalist began the quest
                  | for the Orb.
     0 | D:1      | Reached XP level 1. HP: 13/13 MP: 3/3
   451 | D:1      | Slain by a jackal

Illustrated notes

Levels and vault maps discovered:
D:1:      saegor_arrival_fortress, layout_basic, minmay_misc_feat_cross

Action                   || total
-------------------------++-------
Melee: Short sword       ||    24
 Cast: Foxfire           ||     2
Armor: Robe              ||     4
Dodge: Dodged            ||    14

Table legend: (Time is in decaauts)
 A = Elapsed time spent in this place.
 B = Non-inter-level travel time spent in this place.
 C = Inter-level travel time spent in this place.
 D = Time resting spent in this place.
 E = Time spent auto-exploring this place.
 F = Levels seen in this place.
 G = Mean time per level.
                   A        B        C        D        E       F      G
               +--------+--------+--------+--------+--------+-----+--------+
         Total |    444 |    444 |      0 |      0 |    392 |   1 |  444.0 |
       Dungeon |    444 |    444 |      0 |      0 |    392 |   1 |  444.0 |
               +--------+--------+--------+--------+--------+-----+--------+

Top non-repeatable levels by time:
     D:1: 444 daAuts
